 Dungeon Crawl Stone Soup version 0.27-a0-1555-g0e7b3fb1d2 (webtiles) character file.

Game seed: 3197844181864357516

44 Zonian the Chiller (level 3, 0/25 HPs)
             Began as a Demonspawn Ice Elementalist on July 15, 2021.
             Slain by Terence (6 damage)
             ... on level 1 of the Dungeon.
             The game lasted 00:03:01 (2239 turns).

Zonian the Chiller (Demonspawn Ice Elementalist)    Turns: 2239, Time: 00:03:03

Health: 0/25       AC:  2    Str:  8    XL:     3   Next: 41%
Magic:  4/6        EV: 12    Int: 17    God:
Gold:   40         SH:  0    Dex: 13    Spells: 2/6 levels left

rFire    . . .     SeeInvis .   b - +2 hand axe (drain)
rCold    . . .     Faith    .   (no shield)
rNeg     . . .     Spirit   .   a - +0 robe
rPois    .         Reflect  .   (no helmet)
rElec    .         Harm     .   (no cloak)
rCorr    .         Rampage  .   (no gloves)
Will     .....                  (no boots)
Stlth    ++........             (no amulet)
HPRegen  0.08/turn              (no ring)
MPRegen  0.10/turn              (no ring)

@: no status effects
A: ignite blood 1
a: no special abilities


You were on level 1 of the Dungeon.
You visited 1 branch of the dungeon, and saw 2 of its levels.

You collected 40 gold pieces.

Inventory:

Hand Weapons
 b - a +2 hand axe of draining (weapon)
Missiles
 d - 15 poisoned darts
 g - 8 boomerangs
Armour
 a - a +0 robe (worn)
Scrolls
 c - a scroll of amnesia {unknown}
 e - a scroll of enchant armour {unknown}
 f - a scroll of magic mapping {unknown}
 i - a scroll of identify {unknown}
Potions
 h - a potion of heal wounds {unknown}
 j - a potion of curing {unknown}


   Skills:
 + Level 0.6 Fighting
 + Level 0.7 Axes
 + Level 2.1 Dodging
 + Level 2.1 Stealth
 + Level 2.1 Spellcasting
 + Level 4.1 Ice Magic


You had 2 spell levels left.
You knew the following spells:

 Your Spells              Type           Power      Damage    Failure   Level
a - Freeze                Ice            60%        1d8       3%          1
b - Frozen Ramparts       Ice            30%        1d5       11%         3

Your spell library contained the following spells:

 Spells                   Type           Power      Damage    Failure   Level
 Animate Skeleton         Necr           2%         N/A       19%         1
 Pain                     Necr           4%         1d4       19%         1
 Ozocubu's Armour         Ice            15%        N/A       11%         3
 Vampiric Draining        Necr           0%         2d6       50%         3
 Hailstorm                Conj/Ice       8%         3d4       63%         4


Dungeon Overview and Level Annotations

Branches:
Dungeon (2/15)

Altars:

Annotations:
D:1 Terence


Innate Abilities, Weirdness & Mutations

Your demonic aura sometimes causes spilled blood to erupt in flames.


Message History

Terence freezes you.
Casting: Freeze (safe; 3% risk of failure)
Confirm with . or Enter, or press ? or * to list all spells.
Aiming: Freeze (safe; 3% risk of failure)
Press: ? - help, Shift-Dir - straight line, f - Terence
Aim: Terence, wielding a +0 hand axe of freezing and wearing a +0 scale mail of cold resistance You miscast Freeze.
You are very lightly contaminated with residual magic.
Nothing appears to happen.
Terence barely misses you.
Casting: Freeze (safe; 3% risk of failure)
Confirm with . or Enter, or press ? or * to list all spells.
Aiming: Freeze (safe; 3% risk of failure)
Press: ? - help, Shift-Dir - straight line, f/p - Terence
Aim: Terence, wielding a +0 hand axe of freezing and wearing a +0 scale mail of cold resistance You freeze Terence but do no damage.
Terence completely resists.
Terence barely misses you.
Unknown command.
Casting: Freeze (safe; 3% risk of failure)
Confirm with . or Enter, or press ? or * to list all spells.
Aiming: Freeze (safe; 3% risk of failure)
Press: ? - help, Shift-Dir - straight line, f/p - Terence
Aim: Terence, wielding a +0 hand axe of freezing and wearing a +0 scale mail of cold resistance You freeze Terence.
Terence resists.
Terence is lightly wounded.
Terence misses you.
Your magical contamination has completely faded away.
You closely miss Terence.
Terence is lightly wounded.
Terence barely misses you.
You closely miss Terence.
Terence is lightly wounded.
Terence closely misses you.
You hit Terence but do no damage.
Terence is lightly wounded.
Terence hits you with a +0 hand axe of freezing.
* * * LOW HITPOINT WARNING * * *
Terence freezes you.
* * * LOW HITPOINT WARNING * * *
Terence hits you with a +0 hand axe of freezing.
You die...

##### ....##########
.............# .............#
#######
.............#####.....##########
....#####......@@................
....#####.########...............
....+.....###### #.....#########.
....####.......# ###.### #...##.
....# #.......# #.# #...##. ....#
#.......### #.# #...##.
....####.........# #.######...##.
......###.....>#.###.#...##...##.
#..)..'..>.....+.................


You could see Terence.

Vanquished Creatures
  A gnoll (D:1)
  3 bats
  7 endoplasms
  A giant cockroach (D:2)
  2 goblins
  3 hobgoblins
  4 kobolds
  A quokka (D:1)
  4 ball pythons
  2 frilled lizards (D:1)
  2 rats
30 creatures vanquished.

Notes
Turn   | Place    | Note
-------+----------+-------------------------------------------
     0 | D:1      | Zonian the Demonspawn Ice Elementalist began the quest for
                  | the Orb.
     0 | D:1      | Reached XP level 1. HP: 13/13 MP: 3/3
   399 | D:1      | Gained mutation: Your demonic aura sometimes causes spilled
                  | blood to erupt in flames. [demonic ancestry]
   399 | D:1      | Reached XP level 2. HP: 19/19 MP: 5/5
   539 | D:1      | Reached skill level 4 in Ice Magic
   981 | D:1      | Found a faded altar of an unknown god.
  1707 | D:2      | Noticed Terence
  1936 | D:2      | Reached XP level 3. HP: 23/25 MP: 6/6
  2064 | D:2      | Learned a level 3 spell: Frozen Ramparts
  2239 | D:1      | Slain by Terence

Illustrated notes

Levels and vault maps discovered:
D:1:      onia_arrival_pentagram, layout_basic, ebering_ecumenical_altar_box,
          st_stairs_8
D:2:      layout_rooms, basic_altar, minmay_distorted, uniq_crazy_yiuf_cottage,
          uniq_terence

Skill      XL: |  1  2  3 |
---------------+----------+-----
Dodging        | 2 |  2.1
Ice Magic      | 4 |  4.1
Stealth        | 2 |  2.1
Fighting       | |  0.6
Axes           | |  0.7
Spellcasting   | |  2.1

Action                   || total
-------------------------++-------
Melee: Hand axe          ||    68
Throw: Dart              ||     2
 Cast: Freeze            ||     6
 Stab: Sleeping          ||     4
Armor: Robe              ||    13
Dodge: Dodged            ||    49

Table legend: (Time is in decaauts)
 A = Elapsed time spent in this place.
 B = Non-inter-level travel time spent in this place.
 C = Inter-level travel time spent in this place.
 D = Time resting spent in this place.
 E = Time spent auto-exploring this place.
 F = Levels seen in this place.
 G = Mean time per level.
                   A        B        C        D        E       F      G
               +--------+--------+--------+--------+--------+-----+--------+
         Total |   2261 |   2199 |     62 |   1260 |    638 |   2 | 1130.5 |
       Dungeon |   2261 |   2199 |     62 |   1260 |    638 |   2 | 1130.5 |
               +--------+--------+--------+--------+--------+-----+--------+

Top non-repeatable levels by time:
     D:1: 2180 daAuts
     D:2: 80 daAuts
